CAL (WIN)
CAROLINA MUDCATS @ FREDERICK KEYS
12/04/2046
 
TOP OF THE 1ST
Carolina Mudcats batting - Pitching for Frederick Keys : RHP Nick Hoag
Pitching: RHP Nick Hoag
Batting: RHB Sadataka Kuwahara 0-0: Ball
1-0: Ball
2-0: Called Strike
2-1: Swinging Strike
2-2: Strikes out swinging
Batting: LHB Ryan Murdock 0-0: Ball
1-0: Ball
2-0: Called Strike
2-1: Ground out 6-3 (Groundball, 4M, EV 85.6 MPH)
Batting: RHB Joe Young 0-0: Fly out, F8 (Flyball, 8RD, EV 100.6 MPH)
Top of the 1st over - 0 runs, 0 hits, 0 errors, 0 left on base; Carolina 0 - Frederick 0
BOTTOM OF THE 1ST
Frederick Keys batting - Pitching for Carolina Mudcats : RHP Jimmy Loudner
Pitching: RHP Jimmy Loudner
Batting: RHB Alex Valencia 0-0: Ground out 5-3 (Groundball, 5L, EV 84.4 MPH)
Batting: RHB Daniel Jackson 0-0: Ball
1-0: Ball
2-0: Called Strike
2-1: Swinging Strike
2-2: Ball
3-2: Fly out, F3 (Popup, 3S, EV 69.4 MPH)
Batting: RHB Jeremy Sipe 0-0: Ball
1-0: Called Strike
1-1: Ball
2-1: Ball
3-1: SINGLE (Line Drive, 89M, EV 95.6 MPH)
Batting: LHB Tomas de Zeeuw 0-0: Ball
1-0: Fly out, F7 (Flyball, 7LMF, EV 83.8 MPH)
Bottom of the 1st over - 0 runs, 1 hit, 0 errors, 1 left on base; Carolina 0 - Frederick 0
TOP OF THE 2ND
Carolina Mudcats batting - Pitching for Frederick Keys : RHP Nick Hoag
Batting: LHB Tamaichi Sasada 0-0: Fly out, F8 (Flyball, 8LD, EV 108.8 MPH)
Batting: SHB Jose Melendez 0-0: Called Strike
0-1: Ball
1-1: SINGLE (Groundball, 4MS, EV 70.0 MPH) (infield hit)
Batting: RHB Josh McCormick 0-0: Called Strike
Jose Melendez steals 2nd base
0-1: Ball
1-1: Ball
2-1: Called Strike
2-2: Ground out 6-3 (Groundball, 6, EV 81.9 MPH)
Jose Melendez to third
Batting: RHB Yojiro Hayashi 0-0: Foul Ball, location: 2F
0-1: Swinging Strike
0-2: Ball
1-2: Strikes out swinging
Top of the 2nd over - 0 runs, 1 hit, 0 errors, 1 left on base; Carolina 0 - Frederick 0
BOTTOM OF THE 2ND
Frederick Keys batting - Pitching for Carolina Mudcats : RHP Jimmy Loudner
Batting: RHB Tony Godley 0-0: Ball
1-0: DOUBLE (Line Drive, 7LD, EV 111.9 MPH)
Batting: RHB Mike Pitts 0-0: Ball
1-0: Swinging Strike
1-1: Ball
2-1: SINGLE (Groundball, 56S, EV 69.4 MPH) (infield hit)
Tony Godley to third
Batting: RHB Francisco Viera 0-0: Ball
1-0: Grounds into double play, 5-4-3 (Groundball, 56, EV 88.1 MPH)
Tony Godley scores
Batting: RHB Lee Deason 0-0: Foul Ball, location: 2F
0-1: Swinging Strike
0-2: Ball
1-2: Foul Ball, location: 2F
1-2: Ball
2-2: Ball
3-2: Strikes out swinging
Bottom of the 2nd over - 1 run, 2 hits, 0 errors, 0 left on base; Carolina 0 - Frederick 1
TOP OF THE 3RD
Carolina Mudcats batting - Pitching for Frederick Keys : RHP Nick Hoag
Batting: RHB Chris Trites 0-0: Foul Ball, location: 2F
0-1: Called Strike
0-2: SINGLE (Line Drive, 7S, EV 105.0 MPH)
Batting: RHB Costantino Dolfini 0-0: Ball
1-0: Called Strike
1-1: Foul Ball, location: 2F
1-2: Foul Ball, location: 2F
1-2: Foul Ball, location: 2F
1-2: Ball
2-2: Grounds into double play, 6-4-3 (Groundball, 6, EV 86.9 MPH)
Batting: RHB Sadataka Kuwahara 0-0: Called Strike
0-1: Ball
1-1: Foul Ball, location: 2F
1-2: Ball
2-2: Foul Ball, location: 2F
2-2: SINGLE (Line Drive, 9S, EV 100.6 MPH)
Batting: LHB Ryan Murdock 0-0: Ball
1-0: 2-RUN HOME RUN (Flyball, 9LD, EV 93.1 MPH), Distance : 340 ft
Batting: RHB Joe Young 0-0: Ball
1-0: Called Strike
1-1: Called Strike
1-2: Strikes out swinging
Top of the 3rd over - 2 runs, 3 hits, 0 errors, 0 left on base; Carolina 2 - Frederick 1
BOTTOM OF THE 3RD
Frederick Keys batting - Pitching for Carolina Mudcats : RHP Jimmy Loudner
Batting: RHB Steve Jones 0-0: Called Strike
0-1: Swinging Strike
0-2: Strikes out looking
Batting: RHB Alex Valencia 0-0: Ground out 3-1 (Groundball, 34, EV 89.4 MPH)
Batting: RHB Daniel Jackson 0-0: Called Strike
0-1: Foul Ball, location: 2F
0-2: DOUBLE (Flyball, 8LXD, EV 101.9 MPH)
Batting: RHB Jeremy Sipe 0-0: Ball
1-0: Called Strike
1-1: Ball
2-1: Ground out 5-3 (Groundball, 56, EV 106.2 MPH)
Bottom of the 3rd over - 0 runs, 1 hit, 0 errors, 1 left on base; Carolina 2 - Frederick 1
TOP OF THE 4TH
Carolina Mudcats batting - Pitching for Frederick Keys : RHP Nick Hoag
Batting: LHB Tamaichi Sasada 0-0: Ground out 1-3 (Groundball, 13S, EV 66.9 MPH)
Batting: SHB Jose Melendez 0-0: Ball
1-0: Called Strike
1-1: Called Strike
1-2: Ball
2-2: Ball
3-2: Ground out 6-3 (Groundball, 6, EV 83.1 MPH)
Batting: RHB Josh McCormick 0-0: Called Strike
0-1: Ball
1-1: Foul Ball, location: 2F
1-2: Strikes out swinging
Top of the 4th over - 0 runs, 0 hits, 0 errors, 0 left on base; Carolina 2 - Frederick 1
BOTTOM OF THE 4TH
Frederick Keys batting - Pitching for Carolina Mudcats : RHP Jimmy Loudner
Batting: LHB Tomas de Zeeuw 0-0: Ground out U3 (Groundball, 34, EV 91.2 MPH)
Batting: RHB Tony Godley 0-0: Ball
1-0: Called Strike
1-1: Ball
2-1: Swinging Strike
2-2: Strikes out looking
Batting: RHB Mike Pitts 0-0: Ball
1-0: Called Strike
1-1: Foul Ball, location: 2F
1-2: Foul Ball, location: 2F
1-2: SINGLE (Line Drive, 8LS, EV 98.8 MPH)
Batting: RHB Francisco Viera 0-0: Ball
1-0: Called Strike
1-1: Ball
2-1: Ball
3-1: Called Strike
3-2: Strikes out swinging
Bottom of the 4th over - 0 runs, 1 hit, 0 errors, 1 left on base; Carolina 2 - Frederick 1
TOP OF THE 5TH
Carolina Mudcats batting - Pitching for Frederick Keys : RHP Nick Hoag
Batting: RHB Yojiro Hayashi 0-0: Ground out 6-3 (Groundball, 4MD, EV 84.4 MPH)
Batting: RHB Chris Trites 0-0: SINGLE (Flyball, 56D, EV 90.6 MPH)
Batting: RHB Costantino Dolfini 0-0: Called Strike
0-1: Foul Ball, location: 2F
0-2: Ball
1-2: Strikes out swinging
Batting: RHB Sadataka Kuwahara 0-0: Ground out U3 (Groundball, 3L, EV 108.1 MPH)
Top of the 5th over - 0 runs, 1 hit, 0 errors, 1 left on base; Carolina 2 - Frederick 1
BOTTOM OF THE 5TH
Frederick Keys batting - Pitching for Carolina Mudcats : RHP Jimmy Loudner
Batting: RHB Lee Deason 0-0: Ball
1-0: Ball
2-0: Called Strike
2-1: Ball
3-1: Called Strike
3-2: Fly out, F7 (Flyball, 7D, EV 88.8 MPH)
Batting: RHB Steve Jones 0-0: Called Strike
0-1: Ball
1-1: Swinging Strike
1-2: Foul Ball, location: 2F
1-2: Strikes out swinging
Batting: RHB Alex Valencia 0-0: Ground out 6-3 (Groundball, 4M, EV 78.8 MPH)
Bottom of the 5th over - 0 runs, 0 hits, 0 errors, 0 left on base; Carolina 2 - Frederick 1
TOP OF THE 6TH
Carolina Mudcats batting - Pitching for Frederick Keys : RHP Nick Hoag
Batting: LHB Ryan Murdock 0-0: Ground out U3 (Groundball, 3L, EV 100.0 MPH)
Batting: RHB Joe Young 0-0: Ball
1-0: Ball
2-0: Called Strike
2-1: Foul Ball, location: 2F
2-2: Ball
3-2: Ground out 6-3 (Groundball, 56D, EV 111.2 MPH)
Batting: LHB Tamaichi Sasada 0-0: Ball
1-0: Ball
2-0: Ball
3-0: Called Strike
3-1: Reached on error, E8 (Line Drive, 8RM, EV 92.5 MPH)
Batting: SHB Jose Melendez 0-0: Foul Ball, location: 2F
0-1: Called Strike
0-2: Strikes out swinging
Top of the 6th over - 0 runs, 0 hits, 1 error, 1 left on base; Carolina 2 - Frederick 1
BOTTOM OF THE 6TH
Frederick Keys batting - Pitching for Carolina Mudcats : RHP Jimmy Loudner
Batting: RHB Daniel Jackson 0-0: Ground out U3 (Groundball, 3, EV 108.8 MPH)
Batting: RHB Jeremy Sipe 0-0: Foul Ball, location: 2F
0-1: Ball
1-1: Ground out 5-3 (Groundball, 56S, EV 65.0 MPH)
Batting: LHB Tomas de Zeeuw 0-0: Ball
1-0: Called Strike
1-1: Foul Ball, location: 2F
1-2: Foul Ball, location: 2F
1-2: Foul Ball, location: 2F
1-2: DOUBLE (Groundball, 3L, EV 108.1 MPH)
Batting: RHB Tony Godley 0-0: Ball
1-0: Ball
2-0: SINGLE (Groundball, 6MD, EV 106.9 MPH)
Tomas de Zeeuw to third
Runner from 3rd tries for Home, SAFE, throw by CF to home
Batting: RHB Mike Pitts 0-0: Ball
1-0: Ball
2-0: Called Strike
2-1: Ball
3-1: Called Strike
3-2: Foul Ball, location: 2F
3-2: Strikes out swinging
Bottom of the 6th over - 1 run, 2 hits, 0 errors, 1 left on base; Carolina 2 - Frederick 2
TOP OF THE 7TH
Carolina Mudcats batting - Pitching for Frederick Keys : RHP Nick Hoag
Batting: RHB Josh McCormick 0-0: Ball
1-0: Ball
2-0: Foul Ball, location: 2F
2-1: Swinging Strike
2-2: Ball
3-2: SINGLE (Groundball, 5L, EV 81.2 MPH) (infield hit)
Pitching: RHP Josh Blankenship
Batting: RHB Yojiro Hayashi 0-0: Ball
1-0: Foul Ball, location: 2F
1-1: Fly out, F8 (Flyball, 78M, EV 90.6 MPH)
Batting: RHB Chris Trites 0-0: Ball
1-0: Foul Ball, location: 2F
1-1: Swinging Strike
1-2: Foul Ball, location: 2F
1-2: Strikes out swinging
Batting: RHB Costantino Dolfini 0-0: Swinging Strike
0-1: Ball
1-1: Foul Ball, location: 2F
1-2: SINGLE (Line Drive, 4M, EV 98.8 MPH)
Josh McCormick to second
Batting: RHB Sadataka Kuwahara 0-0: Ball
1-0: Swinging Strike
Passed Ball!
Josh McCormick to third
Costantino Dolfini to second
1-1: Ball
2-1: Ball
3-1: Called Strike
3-2: Strikes out swinging
Top of the 7th over - 0 runs, 2 hits, 0 errors, 2 left on base; Carolina 2 - Frederick 2
BOTTOM OF THE 7TH
Frederick Keys batting - Pitching for Carolina Mudcats : RHP Jimmy Loudner
Batting: RHB Francisco Viera 0-0: Ball
1-0: Fly out, F9 (Flyball, 9, EV 83.1 MPH)
Pinch Hitting: LHB Eric Jackson 0-0: Swinging Strike
0-1: Ball
1-1: Ball
2-1: Ball
3-1: Swinging Strike
3-2: Base on Balls
Pitching: LHP Shingo Miura
Batting: RHB Steve Jones 0-0: Ball
1-0: Called Strike
Eric Jackson is caught stealing 2nd base 2-4
1-1: Called Strike
1-2: Ball
2-2: Foul Ball, location: 2F
2-2: Fly out, F6 (Popup, 6MS, EV 73.8 MPH)
Bottom of the 7th over - 0 runs, 0 hits, 0 errors, 0 left on base; Carolina 2 - Frederick 2
TOP OF THE 8TH
Carolina Mudcats batting - Pitching for Frederick Keys : RHP Josh Blankenship
Now at 2B: Tony Godley
Now in CF: Eric Jackson
Batting: LHB Ryan Murdock 0-0: Ball
1-0: Called Strike
1-1: Ground out 5-3 (Groundball, 56S, EV 81.2 MPH)
Pinch Hitting: LHB Art D'Ascenzo 0-0: Called Strike
0-1: Ground out U3 (Groundball, 34, EV 107.5 MPH)
Batting: LHB Tamaichi Sasada 0-0: Ball
1-0: Called Strike
1-1: Foul Ball, location: 2F
1-2: Ball
2-2: Foul Ball, location: 2F
2-2: Strikes out looking
Top of the 8th over - 0 runs, 0 hits, 0 errors, 0 left on base; Carolina 2 - Frederick 2
BOTTOM OF THE 8TH
Frederick Keys batting - Pitching for Carolina Mudcats : LHP Shingo Miura
Now at SS: Dave Pizarro
Batting: RHB Alex Valencia 0-0: Foul Ball, location: 2F
0-1: Called Strike
0-2: Ball
1-2: Fly out, F9 (Flyball, 89M, EV 77.5 MPH)
Batting: RHB Daniel Jackson 0-0: Foul Ball, location: 2F
0-1: Foul Ball, location: 2F
0-2: Ball
1-2: Foul Ball, location: 2F
1-2: Foul Ball, location: 2F
1-2: Foul Ball, location: 2F
1-2: Strikes out swinging
Batting: RHB Jeremy Sipe 0-0: Ball
1-0: Called Strike
1-1: Swinging Strike
1-2: Strikes out looking
Bottom of the 8th over - 0 runs, 0 hits, 0 errors, 0 left on base; Carolina 2 - Frederick 2
TOP OF THE 9TH
Carolina Mudcats batting - Pitching for Frederick Keys : RHP Josh Blankenship
Batting: SHB Jose Melendez 0-0: Called Strike
0-1: Foul Ball, location: 2F
0-2: Ball
1-2: Strikes out swinging
Batting: RHB Josh McCormick 0-0: SINGLE (Flyball, 78S, EV 88.1 MPH)
Batting: RHB Yojiro Hayashi 0-0: Ball
1-0: Ball
2-0: Foul Ball, location: 2F
2-1: Fly out, F9 (Flyball, 89S, EV 88.8 MPH)
Batting: RHB Chris Trites 0-0: Called Strike
0-1: Foul Ball, location: 2F
0-2: Ball
Balk!
Josh McCormick to second
1-2: Ball
2-2: Foul Ball, location: 2F
2-2: SINGLE (Line Drive, 9S, EV 101.9 MPH)
Josh McCormick to third
Batting: RHB Costantino Dolfini 0-0: Foul Ball, location: 2F
0-1: Ball
1-1: Ball
2-1: Fielders Choice at 2nd, 5-4 (Groundball, 5L, EV 92.5 MPH)
Top of the 9th over - 0 runs, 2 hits, 0 errors, 2 left on base; Carolina 2 - Frederick 2
BOTTOM OF THE 9TH
Frederick Keys batting - Pitching for Carolina Mudcats : LHP Shingo Miura
Pitching: RHP Walt Bunney
Batting: LHB Tomas de Zeeuw 0-0: Ball
1-0: Ball
2-0: SINGLE (Groundball, 3D, EV 102.5 MPH)
Pinch Hitting: LHB Justin Moore 0-0: Called Strike
0-1: Foul Ball, location: 2F
0-2: Strikes out swinging
Batting: RHB Mike Pitts 0-0: Ball
1-0: Foul Ball, location: 2F
1-1: Called Strike
Tomas de Zeeuw steals 2nd, throwing error, E2
Tomas de Zeeuw to third
1-2: Fielders Choice at home, 4-2 (Groundball, 4, EV 81.2 MPH)
Batting: RHB Francisco Viera 0-0: Called Strike
0-1: Called Strike
0-2: Ball
1-2: Ball
Mike Pitts steals 2nd, throwing error, E2
Mike Pitts to third
2-2: Foul Ball, location: 2F
2-2: Fly out, F9 (Line Drive, 9S, EV 94.4 MPH)
Bottom of the 9th over - 0 runs, 1 hit, 2 errors, 1 left on base; Carolina 2 - Frederick 2
TOP OF THE 10TH
Carolina Mudcats batting - Pitching for Frederick Keys : RHP Josh Blankenship
Pitching: RHP Chris Kimura
Now at 2B: Matt Berrier
Batting: RHB Sadataka Kuwahara 0-0: Ball
1-0: Called Strike
1-1: Foul Ball, location: 2F
1-2: Ball
2-2: Ball
3-2: Strikes out swinging
Batting: LHB Ryan Murdock 0-0: Foul Ball, location: 2F
0-1: Foul Ball, location: 2F
0-2: Fly out, F7 (Line Drive, 78D, EV 91.2 MPH)
Batting: RHB Dave Pizarro 0-0: Ground out 4-3 (Groundball, 4MS, EV 71.9 MPH)
Top of the 10th over - 0 runs, 0 hits, 0 errors, 0 left on base; Carolina 2 - Frederick 2
BOTTOM OF THE 10TH
Frederick Keys batting - Pitching for Carolina Mudcats : RHP Walt Bunney
Pitching: RHP Greg Hart
Batting: LHB Eric Jackson 0-0: Called Strike
0-1: Called Strike
0-2: Ball
1-2: SOLO HOME RUN (Flyball, 9D, EV 103.1 MPH), Distance : 394 ft
Bottom of the 10th over - 1 run, 1 hit, 0 errors, 0 left on base; Carolina 2 - Frederick 3
Tuesday, September 13th , 2022 - OOTP Baseball 23.7 Build 88